 Dungeon Crawl Stone Soup version 0.23.2 (webtiles) character file.

Game seed: 14903042550519801606

24246 HuneSparrow the Carver (level 12, -1/110 HPs)
             Began as a Minotaur Fighter on Apr 4, 2019.
             Was an Elder of Makhleb.
             Slain by a spriggan rider
             ... wielding the +10 trident of Interdependent Arising {pierce, +Rage Dex-2 Stlth+}
              (3 damage)
             ... on level 2 of the Lair of Beasts on Apr 5, 2019.
             The game lasted 00:59:48 (12531 turns).

HuneSparrow the Carver (Minotaur Fighter)          Turns: 12531, Time: 00:59:48

Health: -1/110     AC: 16    Str: 27    XL:     12   Next: 79%
Magic:  11/11      EV: 18    Int:  5    God:    Makhleb [****..]
Gold:   600        SH: 13    Dex: 14    Spells: 11/11 levels left

rFire    + . .     SeeInvis .   y - +7 long sword of Arrival {freeze, rElec rPois}
rCold    . . .     Gourm    .   c - +0 shield
rNeg     . . .     Faith    .   K - +1 chain mail {MR+}
rPois    +         Spirit   .   (helmet restricted)
rElec    +         Reflect  .   C - +0 cloak {+Inv}
rCorr    .         Harm     .   H - +0 pair of gloves
MR       +....                  (no boots)
Stlth    ..........             (no amulet)
HPRegen  0.28/turn              L - ring of protection from fire
MPRegen  0.12/turn              q - +2 ring of evasion

@: agile, berserk cooldown, very slightly contaminated, slowed, invisible, very
slow
A: retaliatory headbutt, horns 2
a: Minor Destruction, Lesser Servant of Makhleb, Major Destruction, Renounce
Religion


You were on level 2 of the Lair of Beasts.
You worshipped Makhleb.
Makhleb was greatly pleased with you.
You were hungry.

You visited 3 branches of the dungeon, and saw 15 of its levels.
You also visited: Ossuary.

You collected 600 gold pieces.

Inventory:

Hand Weapons
 y - the +7 long sword of Arrival (weapon) {freeze, rElec rPois}
   (You found it on level 5 of the Dungeon)

   It has been specially enchanted to freeze those struck by it, causing extra
   injury to most foes and up to half again as much damage against particularly
   susceptible opponents.
   It can also slow down cold-blooded creatures.
   It insulates you from electricity.
   It protects you from poison.
 J - a +3 scimitar of flaming
Armour
 b - a +2 chain mail of fire resistance
 c - a +0 shield (worn)
 C - a +0 cloak of invisibility (worn)
 H - a +0 pair of gloves (worn)
 K - a +1 chain mail of magic resistance (worn)
Jewellery
 a - an uncursed ring of stealth
 m - an uncursed ring of fire
 q - a +2 ring of evasion (right hand)
 E - an uncursed ring of wizardry
 L - a ring of protection from fire (left hand)
 P - an uncursed ring of protection from cold {unknown}
Wands
 D - a wand of digging (6)
 F - a wand of polymorph (18)
 G - a wand of enslavement (4)
 M - a wand of paralysis (7)
 T - a wand of iceblast (2)
Scrolls
 d - 5 scrolls of enchant armour
 e - 4 scrolls of immolation {unknown}
 j - 3 scrolls of blinking
 l - 3 scrolls of teleportation
 n - a scroll of fog {unknown}
 o - 2 scrolls of magic mapping {unknown}
 t - 4 scrolls of amnesia {unknown}
 u - 5 scrolls of remove curse
 x - 5 scrolls of enchant weapon {unknown}
 I - a scroll of silence {unknown}
 N - a scroll of identify
 S - a scroll of random uselessness {unknown}
Potions
 g - 2 potions of cancellation {unknown}
 h - 2 potions of mutation {unknown}
 i - 2 potions of berserk rage
 k - 5 potions of brilliance
 p - 4 potions of lignification
 r - 2 potions of haste
 s - 3 potions of flight
 v - 9 potions of curing
 w - 2 potions of magic {unknown}
 z - 2 potions of resistance
 A - 2 potions of might
 B - 2 potions of agility
 O - 2 potions of invisibility
Miscellaneous
 Q - a phial of floods
Comestibles
 f - 25 rations
 R - 4 chunks of flesh


   Skills:
 + Level 11.6 Fighting
 + Level 14.9 Long Blades
 + Level 12.3 Armour
 + Level 5.1 Dodging
 - Level 0.1 Stealth
 + Level 12.1 Shields


You had 11 spell levels left.
You didn't know any spells.
Your spell library contained the following spells:

 Spells                   Type           Power        Failure   Level  Hunger
 Apportation              Tloc           #.....       97%         1    ##.....
 Corona                   Hex            #......      97%         1    ##.....
 Flame Tongue             Conj/Fire      #....        97%         1    ##.....
 Summon Butterflies       Summ           #.......     97%         1    ##.....
 Ensorcelled Hibernation  Hex/Ice        #.....       99%         2    ###....
 Throw Flame              Conj/Fire      #.....       99%         2    ###....
 Confuse                  Hex            #.......     100%        3    ####...
 Conjure Flame            Conj/Fire      #.......     100%        3    ####...
 Dazzling Spray           Conj/Hex       #.....       100%        3    ####...
 Inner Flame              Hex/Fire       #.......     100%        3    ####...
 Lesser Beckoning         Tloc           #.........   100%        3    ####...
 Tukima's Dance           Hex            #.......     100%        3    ####...
 Sticky Flame             Conj/Fire      #.......     100%        4    #####..
 Alistair's Intoxication  Tmut/Pois      #.......     100%        5    ######.
 Fireball                 Conj/Fire      #.........   100%        5    ######.
 Invisibility             Hex            #.......     100%        6    #######
 Haunt                    Necr/Summ      #.........   100%        7    #######
 Borgnjor's Revivificati  Necr           #.........   100%        8    #######
 Death's Door             Chrm/Necr      #.........   100%        8    #######
 Infestation              Necr           #.........   100%        8    #######
 Necromutation            Tmut/Necr      #.........   100%        8    #######


Dungeon Overview and Level Annotations

Branches:
Dungeon (12/15)            Temple (1/1) D:7            Lair (2/6) D:10
  Swamp (0/4) Lair:2       Spider (0/4) Lair:2          Orc (0/2) D:9

Altars:
Ashenzari
Cheibriados
Dithmenos
Elyvilon
Fedhas
Hepliaklqana
Kikubaaqudgha
Makhleb
Okawaru
Qazlal
Trog
Uskayaw
Xom
Yredelemnul
Zin
The Shining One

Shops:
D:4 =   D:7 =

Annotations:
Lair:2 Buffaloe's ghost, journeyman SpEn


Innate Abilities, Weirdness & Mutations

You reflexively headbutt those who attack you in melee.
You have a pair of horns on your head.


Message History

Are you sure you want to stumble around while confused and next to your smoke demon?
Your smoke demon closely misses Buffaloe's ghost.
Your smoke demon misses Buffaloe's ghost.
Your smoke demon closely misses Buffaloe's ghost.
Buffaloe's ghost gestures at your smoke demon while chanting.
Your smoke demon is outlined in light.
Your smoke demon gestures at Buffaloe's ghost.
Buffaloe's ghost is smitten.
Buffaloe's ghost casts a spell at your smoke demon.
Your smoke demon easily resists.
You feel less confused.
You are feeling hungry.
The spiny frog croaks.
You block the spriggan rider's attack. The spriggan rider misses you.
Your smoke demon completely misses Buffaloe's ghost.
Your smoke demon closely misses Buffaloe's ghost. x2
Buffaloe's ghost hits your smoke demon but does no damage.
The spriggan rider hits you from afar with the +10 trident of Interdependent Arising {pierce, +Rage Dex-2 Stlth+}!!
* * * LOW HITPOINT WARNING * * *
You die...

.## #.............#
###........# .##
#............#####..###>....#
..#
#............##P..##.###.####
.## #...........###..##### ###
..###..............##..P##
..##.....................##
..#P^...........#.#.......###
..##........................###
####.....?♣♣#⌠3.@⌠#♣♣........P#
# #.......♣.♣##W##♣.♣........##
# ##......♣..♣iig.♣g♣........#
# #
##....>.♣♣..i♣.h.♣♣.......## #
#.>......♣♣♣..♣♣F♣.......## ##
###.#P####♣♣ .♣.. .♣......P#
##. #..####
♣...♣.♣♣......#####÷. ...#
♣♣♣♣♣♣♣......## #.... ####
♣#.........###....


You could see 2 spriggan riders, a polar bear, a spiny frog (wandering), a
spriggan, a boggart, Buffaloe's ghost and a friendly smoke demon.

Vanquished Creatures
  2 catoblepae (Lair:1)
  2 hydras
  Erica (D:9)
  2 two-headed ogres
  2 unseen horrors (D:10)
  Pikel (D:5)
  2 ugly things (D:11)
  Maurice (D:8)
  A black mamba (Lair:2)
  An elephant (Lair:1)
  A spiny frog (Lair:2)
  3 rime drakes (Lair:1)
  A troll (D:9)
  A blink frog (Lair:1)
  2 bog bodies (Lair:2)
  Prince Ribbit (D:5)
  6 hippogriffs
  Sigmund (D:2)
  27 yaks
  A wyvern (Lair:1)
  Eustachio (D:5)
  2 basilisks
  Menkaure (D:5)
  An acid dragon (D:11)
  3 water moccasins
  5 porcupines
  7 orc warriors
  A slave (D:5)
  5 sky beasts
  A black bear (D:8)
  2 ice beasts
  2 phantoms
  10 ogres
  4 centaurs
  3 crocodiles
  Blork the orc (D:6)
  2 gnoll sergeants (D:8)
  9 bullfrogs
  A wyvern zombie (D:8)
  4 water moccasin zombies (Ossuary)
  4 scorpions
  13 killer bees (D:8)
  9 wights
  5 howler monkeys
  7 crimson imps
  A bullfrog zombie (D:7)
  A quasit (D:10)
  6 hounds
  8 orc priests
  2 centaur skeletons
  2 jellies
  10 orc wizards
  A bullfrog skeleton (D:10)
  Jessica (D:3)
  3 iguanas
  7 worker ants
  2 big kobold zombies (Ossuary)
  A hound zombie (D:3)
  3 mummies
  A worker ant zombie (D:9)
  10 adders
  9 gnolls (D:8)
  5 shadow imps
  3 adder zombies
  2 adder skeletons
  5 worms
  2 dart slugs
  6 leopard geckos
  49 orcs
  6 giant cockroaches
  A gnoll zombie (Ossuary)
  8 goblins
  3 hobgoblins
  9 jackals
  13 kobolds
  7 quokkas
  6 ball pythons
  4 bats
  9 frilled lizards
  9 hobgoblin zombies (Ossuary)
  5 kobold zombies (Ossuary)
  A leopard gecko skeleton (D:4)
  A leopard gecko zombie (D:7)
  7 orc zombies (Ossuary)
  A quokka skeleton (D:6)
  4 rats
  A fungus (Lair:2)
397 creatures vanquished.

Vanquished Creatures (others)
  A mummy (D:5)
  8 plants (Lair:2)
  12 toadstools (Lair:1)
21 creatures vanquished.

Grand Total: 418 creatures vanquished

Notes
Turn   | Place    | Note
-------+----------+-------------------------------------------
     0 | D:1      | HuneSparrow the Minotaur Fighter began the quest for the
                  | Orb.
     0 | D:1      | Reached XP level 1. HP: 19/19 MP: 0/0
   118 | D:1      | Reached XP level 2. HP: 24/27 MP: 1/1
   676 | D:2      | Noticed Sigmund
   684 | D:2      | Killed Sigmund
   684 | D:2      | Reached skill level 3 in Long Blades
   684 | D:2      | Reached XP level 3. HP: 21/34 MP: 2/2
   684 | D:2      | Reached XP level 4. HP: 25/41 MP: 3/3
   684 | D:2      | Reached XP level 5. HP: 29/47 MP: 4/4
   825 | D:2      | Reached skill level 5 in Armour
   826 | D:2      | Reached skill level 4 in Long Blades
  1294 | D:3      | Reached skill level 5 in Shields
  1425 | D:3      | Reached XP level 6. HP: 51/53 MP: 5/5
  1601 | D:3      | Noticed Jessica
  1608 | D:3      | Killed Jessica
  1621 | D:3      | Reached skill level 1 in Dodging
  1734 | D:4      | Found a sand-covered staircase.
  1868 | Ossuary  | Entered an ossuary
  1956 | Ossuary  | Reached skill level 5 in Long Blades
  2208 | Ossuary  | Reached skill level 5 in Fighting
  2208 | Ossuary  | Reached XP level 7. HP: 47/61 MP: 6/6
  2212 | Ossuary  | Reached skill level 6 in Long Blades
  2444 | D:4      | Found Wiqen's Jewellery Shoppe.
  2743 | D:4      | Reached skill level 7 in Long Blades
  2969 | D:5      | Entered Level 5 of the Dungeon
  3054 | D:5      | Reached XP level 8. HP: 54/70 MP: 7/7
  3067 | D:5      | Noticed Prince Ribbit
  3125 | D:5      | Killed Prince Ribbit
  3200 | D:5      | Noticed Pikel
  3213 | D:5      | Reached skill level 8 in Long Blades
  3245 | D:5      | Killed Pikel
  3402 | D:5      | Noticed Eustachio
  3421 | D:5      | Reached skill level 9 in Long Blades
  3456 | D:5      | Killed Eustachio
  3496 | D:5      | Reached XP level 9. HP: 78/79 MP: 8/8
  3509 | D:5      | Got a crystal long sword
  3510 | D:5      | Identified the +7 long sword of Arrival {freeze, rElec
                  | rPois} (You found it on level 5 of the Dungeon)
  3537 | D:5      | Noticed Menkaure
  3548 | D:5      | Killed Menkaure
  4062 | D:5      | Found a snail-covered altar of Cheibriados.
  4161 | D:6      | Reached skill level 10 in Long Blades
  4350 | D:6      | Noticed Blork the orc
  4357 | D:6      | Killed Blork the orc
  4490 | D:6      | Reached skill level 11 in Long Blades
  5071 | D:7      | HP: 4/80 [orc priest/nerve-wracking pain (9)]
  5341 | D:7      | Found a staircase to the Ecumenical Temple.
  5356 | Temple   | Entered the Ecumenical Temple
  5404 | Temple   | Became a worshipper of Makhleb the Destroyer
  5498 | D:7      | Reached XP level 10. HP: 88/88 MP: 9/9
  5520 | D:7      | Found Woom's Jewellery Shoppe.
  5749 | D:7      | Reached skill level 12 in Long Blades
  6192 | D:8      | Noticed Maurice
  6199 | D:8      | Killed Maurice
  6294 | D:8      | Noticed a two-headed ogre
  6325 | D:7      | Killed a two-headed ogre
  6325 | D:7      | Reached * piety under Makhleb
  6454 | D:8      | Reached skill level 13 in Long Blades
  6718 | D:8      | Noticed a two-headed ogre
  6727 | D:8      | Killed a two-headed ogre
  6955 | D:8      | Found a glowing silver altar of Zin.
  7200 | D:9      | Reached ** piety under Makhleb
  7206 | D:9      | Reached XP level 11. HP: 62/95 MP: 10/10
  7573 | D:9      | Found a staircase to the Orcish Mines.
  7786 | D:9      | Noticed a six-headed hydra
  7909 | D:9      | Noticed Erica
  7929 | D:9      | Reached skill level 14 in Long Blades
  7956 | D:9      | Killed Erica
  8165 | D:9      | Found a hide-covered altar of Uskayaw.
  8165 | D:9      | Found a hazy altar of Hepliaklqana.
  8167 | D:9      | Found a bloodstained altar of Trog.
  8229 | D:9      | Killed a two-headed hydra
  8337 | D:10     | Entered Level 10 of the Dungeon
  8359 | D:10     | Reached skill level 10 in Shields
  8487 | D:10     | Killed an unseen horror
  8712 | D:10     | Found a shimmering altar of Xom.
  8891 | D:10     | Killed an unseen horror
  9109 | D:10     | Reached *** piety under Makhleb
  9229 | D:10     | Found a staircase to the Lair.
  9537 | D:11     | Reached skill level 10 in Fighting
  9537 | D:11     | Reached skill level 10 in Armour
  9578 | D:11     | Noticed a white ugly thing
  9591 | D:11     | Killed a white ugly thing
  9615 | D:11     | Noticed a red ugly thing
  9635 | D:11     | Killed a red ugly thing
 10182 | Lair:1   | Entered Level 1 of the Lair of Beasts
 10258 | Lair:1   | Reached XP level 12. HP: 107/107 MP: 11/11
 10261 | Lair:1   | Reached **** piety under Makhleb
 10530 | Lair:1   | Noticed a seven-headed hydra
 10539 | Lair:1   | Killed a four-headed hydra
 10694 | Lair:1   | Noticed a catoblepas
 10694 | Lair:1   | Noticed a catoblepas
 10720 | Lair:1   | Found a runed translucent door.
 10817 | Lair:1   | Killed a catoblepas
 10868 | Lair:1   | Killed a catoblepas
 11547 | Lair:2   | Found a hole to the Spider Nest.
 11693 | Lair:2   | Reached skill level 5 in Dodging
 11992 | Lair:2   | Found a runed translucent door.
 11994 | Lair:2   | Identified the +10 trident of Interdependent Arising
                  | {pierce, +Rage Dex-2 Stlth+}
 11997 | Lair:2   | Noticed Buffaloe's ghost (journeyman SpEn)
 12171 | Lair:2   | Found a staircase to the Swamp.
 12531 | Lair:2   | HP: 2/110 [spriggan rider/the +10 trident of Interdependent
                  | Arising {pierce, +Rage Dex-2 Stlth+} (21)]
 12531 | Lair:2   | Slain by a spriggan rider

Skill      XL: |  1  2  3  4  5  6  7  8  9 10 11 12 |
---------------+-------------------------------------+-----
Armour         | 4 5 6 7 8 10 12 | 12.3
Shields        | 4 5 6 7 8 9 11 12 | 12.1
Fighting       | 4 5 7 8 10 11 | 11.6
Long Blades    | 3 4 5 7 9 11 13 14 | 14.9
Dodging        | 1 2 3 4 5 |  5.1
Stealth        | |  0.1

Action                   |  1- 3 |  4- 6 |  7- 9 | 10-12 || total
-------------------------+-------+-------+-------+-------++-------
Melee: Long sword        |    37 |   186 |   299 |   581 ||  1103
       Headbutt          |     4 |    27 |    66 |   111 ||   208
       Scimitar          |       |       |       |    19 ||    19
Invok: Lesser Servant of |       |       |       |     3 ||     3
  Use: Potion            |     1 |       |     1 |     8 ||    10
       Scroll            |       |     4 |     3 |     9 ||    16
  Eat: Chunk             |       |     3 |     9 |    19 ||    31
       Ration            |       |     1 |       |     1 ||     2
Armor: Scale mail        |    12 |    63 |    48 |       ||   123
       Chain mail        |       |       |    15 |   230 ||   245
       Skin              |       |       |       |     6 ||     6
Dodge: Dodged            |     8 |    54 |    73 |   175 ||   310
Block: Shield            |    17 |    92 |   126 |   303 ||   538
       Rpst.: Long sword |     2 |    14 |    19 |    44 ||    79
       Scimitar          |       |       |       |     2 ||     2
